 Dungeon Crawl Stone Soup version 0.26-a0-665-gefeb406119 (webtiles) character file.

Game seed: 10358046168824843533

343713 tnk the Hoplite (level 21, -5/183 HPs)
             Began as a Minotaur Fighter on Sept 30, 2020.
             Was the Champion of Okawaru.
             Slain by a titan (32 damage)
             ... on level 4 of the Vaults on Oct 14, 2020.
             The game lasted 02:51:10 (43268 turns).

tnk the Hoplite (Minotaur Fighter)                 Turns: 43268, Time: 02:51:10

Health: -5/183     AC: 33    Str: 35    XL:     21   Next: 13%
Magic:  23/27      EV: 14    Int:  9    God:    Okawaru [******]
Gold:   2904       SH: 34    Dex: 15    Spells: 20/20 levels left

rFire    + . .     SeeInvis .   b - +8 arc blade {discharge, rElec}
rCold    + . .     Faith    .   O - +7 tower shield
rNeg     + . .     Spirit   .   V - +2 plate armour {rPois}
rPois    +         Reflect  .   f - +2 hat of Ceekk {rN+ MR+ Str+2}
rElec    +         Harm     .   h - scarf {rC+ rF+}
rCorr    .         Rampage  +   X - +2 pair of gloves
MR       +++..                  Y - +2 pair of boots {rampage}
Stlth    ..........             H - amulet of regeneration
HPRegen  0.80/turn              u - +4 ring of protection
MPRegen  0.20/turn              A - ring of Okiegh {*Drain MR+ Str+7 Int+2 Stlth+}

@: finesse, hasted, very quick
A: retaliatory headbutt, horns 2, agile 1, frail 1
}: 2/15 runes: decaying, serpentine
a: Heroism, Finesse, Renounce Religion


You were on level 4 of the Vaults.
You worshipped Okawaru.
Okawaru was exalted by your worship.
You visited 8 branches of the dungeon, and saw 37 of its levels.
You also visited: Gauntlet.

You collected 4432 gold pieces.
You spent 1528 gold pieces at shops.

Inventory:

Hand Weapons
 a - the +6 trident "Bysir" {holy, *Noise rF+ Dex+5}
   (You found it on level 6 of the Dungeon)

   It has been blessed by the Shining One to cause great damage to the undead
   and demons.
   It affects your dexterity (+5).
   It protects you from fire.
   It may make noises in combat.
 b - the +8 arc blade (weapon) {discharge, rElec}
   (You took it off Nikola on level 4 of the Swamp)

   It insulates you from electricity.
 j - the +9 trident of the Warrior-Mage {antimagic, rElec Str+4}
   (You found it on level 3 of the Vaults)

   It reduces the magical energy of the wielder, and disrupts the spells and
   magical abilities of those hit.
   Natural abilities and divine invocations are not affected.
   It affects your strength (+4).
   It insulates you from electricity.
Missiles
 U - 9 datura-tipped darts (quivered)
Armour
 f - the +2 hat of Ceekk (worn) {rN+ MR+ Str+2}
   (Okawaru gifted it to you on level 3 of the Vaults)

   It affects your strength (+2).
   It protects you from negative energy.
   It affects your resistance to hostile enchantments.
 h - a scarf of resistance (worn)
 i - the +2 buckler "Woalamun" {rC+ rN+ Int+2 SInv}
   (You bought it in a shop on level 2 of the Orcish Mines)

   It affects your intelligence (+2).
   It protects you from cold.
   It protects you from negative energy.
   It lets you see invisible.
 s - a +2 pair of boots of running
 O - a +7 tower shield (worn)
 V - a +2 plate armour of poison resistance (worn)
 X - a +2 pair of gloves (worn)
 Y - a +2 pair of boots of rampaging (worn)
Jewellery
 c - an uncursed ring of protection from magic
 q - an uncursed ring of ice
 r - an uncursed ring of fire
 u - a +4 ring of protection (left hand)
 y - an uncursed ring of resist corrosion
 A - the ring of Okiegh (right hand) {*Drain MR+ Str+7 Int+2 Stlth+}
   (You took it off a minotaur in a Gauntlet)

   [ring of stealth]

   It affects your strength (+7).
   It affects your intelligence (+2).
   It affects your resistance to hostile enchantments.
   It causes draining when unequipped.
   It makes you more stealthy.
 H - an amulet of regeneration (around neck)
Wands
 m - a wand of polymorph (18)
 x - a wand of disintegration (41)
 E - a wand of flame (65)
 G - a wand of random effects (17)
 J - a wand of digging (17)
 M - a wand of acid (25)
 N - a wand of paralysis (42)
 R - a wand of iceblast (54)
Scrolls
 g - 22 scrolls of remove curse
 k - 7 scrolls of identify
 n - 2 scrolls of fog
 o - 4 scrolls of amnesia
 p - 11 scrolls of teleportation
 v - 5 scrolls of enchant weapon
 D - 7 scrolls of blinking
 F - 4 scrolls of magic mapping
Potions
 d - a potion of might
 l - a potion of haste
 t - 2 potions of berserk rage
 w - 3 potions of magic
 z - 3 potions of resistance
 B - 5 potions of ambrosia
 I - a potion of brilliance
 K - 4 potions of stabbing
 P - 2 potions of curing
 S - 2 potions of invisibility
 T - 4 potions of flight
 W - a potion of cancellation
Miscellaneous
 C - a condenser vane (2/2)
 Q - a phial of floods


   Skills:
 - Level 21.0 Fighting
 - Level 14.0 Short Blades
 - Level 16.1 Polearms
 - Level 4.8 Throwing
 - Level 17.6 Armour
 - Level 9.0 Dodging
 - Level 3.0 Stealth
 + Level 22.5 Shields
 - Level 10.0 Invocations
 - Level 3.0 Evocations


You had 20 spell levels left.
You didn't know any spells.
Your spell library contained the following spells:

 Spells                   Type           Power        Failure   Level
 Corona                   Hex            #......      91%         1
 Magic Dart               Conj           #...         91%         1
 Summon Small Mammal      Summ           #...         91%         1
 Blink                    Tloc           N/A          97%         2
 Call Imp                 Summ           #.......     97%         2
 Ensorcelled Hibernation  Hex/Ice        #.....       97%         2
 Poisonous Vapours        Pois/Air       #.....       97%         2
 Slow                     Hex            #.......     97%         2
 Call Canine Familiar     Summ           #.......     99%         3
 Confusing Touch          Hex            #.......     99%         3
 Conjure Flame            Conj/Fire      #.......     99%         3
 Dazzling Flash           Conj/Hex       #.....       99%         3
 Gell's Gravitas          Tloc           #.........   99%         3
 Lesser Beckoning         Tloc           #.........   99%         3
 Mephitic Cloud           Conj/Pois/Air  #.......     99%         3
 Summon Guardian Golem    Hex/Summ       #.......     99%         3
 Teleport Other           Tloc           #.......     99%         3
 Tukima's Dance           Hex            #.......     99%         3
 Leda's Liquefaction      Hex/Erth       #.........   100%        4
 Passage of Golubria      Tloc           N/A          100%        4
 Petrify                  Tmut/Erth      #.......     100%        4
 Summon Ice Beast         Ice/Summ       #.......     100%        4
 Summon Lightning Spire   Summ/Air       #.......     100%        4
 Bolt of Magma            Conj/Fire/Erth #.........   100%        5
 Metabolic Englaciation   Hex/Ice        #.........   100%        5
 Yara's Violent Unravell  Hex/Tmut       #.........   100%        5
 Freezing Cloud           Conj/Ice/Air   #.........   100%        6
 Iron Shot                Conj/Erth      #.........   100%        6
 Statue Form              Tmut/Erth      #........    100%        6
 Shatter                  Erth           #.........   100%        9


Dungeon Overview and Level Annotations

Branches:
Dungeon (14/15)            Temple (1/1) D:6            Lair (6/6) D:11
  Swamp (4/4) Lair:2        Snake (4/4) Lair:4        Slime (0/5) Lair:6
    Orc (2/2) D:11            Elf (0/3) Orc:2        Vaults (5/5) D:14
  Crypt (1/3) Vaults:2    Gauntlet (visited)

Altars:
Ashenzari
Cheibriados
Dithmenos
Elyvilon
Fedhas
Gozag
Hepliaklqana
Kikubaaqudgha
Makhleb
Nemelex Xobeh
Okawaru
Qazlal
Ru
Sif Muna
Trog
Uskayaw
Vehumet
Wu Jian
Xom
Yredelemnul
Zin
The Shining One
Beogh

Shops:
D:14 =   Orc:1 *   Orc:2 =[*(   Snake:1 [   Vaults:3 [

Annotations:
Lair:5 3 runed translucent doors, Mumum's ghost, journeyman DrFE; Ypehuijo's ghost, journeyman OpFi
Snake:2 Roxanne


Innate Abilities, Weirdness & Mutations

You reflexively headbutt those who attack you in melee.
You have a pair of horns on your head.
You are agile. (Dex +2)
You are frail. (-10% HP)


Message History

* * * LOW HITPOINT WARNING * * *
The vault guard is struck by an arc of lightning!
The vault guard is moderately wounded.
The vault guard is struck by an arc of lightning!
The vault guard is heavily wounded.
The lightning grounds out.
The vault guard is struck by an arc of lightning!!
You kill the vault guard!
Okawaru accepts your kill. Something appears at your feet!
Okawaru grants you a weapon! You resist.
You are struck by an arc of lightning.
* * * LOW HITPOINT WARNING * * *
The vault sentinel is struck by an arc of lightning!
The vault sentinel is severely wounded.
The lightning grounds out.
The titan is heavily wounded.
The vault guard hits you but does no damage.
You feel better. The titan hits you!!
You die...

#.........#...........#...#..#
#.........#....#.#....#...####
#.........#..<.###.[..#...##.'
#.........#....#(#[[..#...##'#
#..########.###)[)###.#...#...
#..#......'..#[.<((#..#...#...
#..#......#.###...###.#...####
#..#......#.pC)#.#....#.......
#..'......#.p@p###....#.......
#..#......#.)p)#.#....'.......
#..#......#...........#.......
#..##################'######..
#.......".........#........#..
#.................#........#..
#.................#........#..
#....(............'........#..
#..))).....[......#........#..


You could see a titan, 3 vault guards and a vault sentinel.

Vanquished Creatures
  Vashnia (Snake:2)
  Saint Roka (Orc:2)
  Nikola (Swamp:4)
  A bone dragon (Swamp:4)
  The ghost of theMacoje the Slayer, an adept OgAM of Hepliaklqana (Vaults:3)
  A tentacled monstrosity (Vaults:5)
  Rupert (Lair:3)
  Jorgrun (Orc:1)
  2 sphinxes
  2 thorn hunters (Swamp:2)
  A tengu reaver (Vaults:4)
  A storm dragon (Vaults:3)
  Donald (Snake:4)
  8 nagarajas
  A revenant (Crypt:1)
  A deep elf sorcerer (Vaults:4)
  2 fire giants (Vaults:2)
  4 frost giants
  11 vault wardens
  A curse skull (Crypt:1)
  Aizul (Snake:2)
  Louise (Snake:2)
  A ghoul (Vaults:2)
  16 ironheart preservers
  An entropy weaver (Vaults:4)
  7 stone giants
  Nessos (D:14)
  3 deep elf annihilators
  A minotaur (Gauntlet)
  An eidolon (Vaults:2)
  Snorg (Orc:1)
  A deep elf death mage (Vaults:2)
  4 ettins
  Fannar (Lair:2)
  28 vault guards
  Harold (D:7)
  3 jiangshi (Crypt:1)
  Erolcha (D:9)
  11 yaktaur captains
  3 rakshasas
  A great orb of eyes (Vaults:2)
  14 hydras
  4 ice dragons
  18 naga warriors
  3 ghost crabs
  A catoblepas (Lair:6)
  7 centaur warriors
  3 shambling mangroves (Swamp:3)
  18 alligators
  9 anacondas
  A boulder beetle (Vaults:3)
  Erica (D:8)
  19 two-headed ogres
  6 ogre magi
  3 death knights
  2 dancing weapons
  A deep troll shaman (Lair:6)
  A deep troll earth mage (Vaults:3)
  3 tengu warriors (D:14)
  16 death yaks (Lair:6)
  5 vampire magi (Crypt:1)
  An orc high priest (Orc:2)
  15 naga sharpshooters
  7 shock serpents
  A small abomination (Vaults:2)
  Nergalle (Orc:1)
  Urug (D:10)
  2 shadow wraiths (Vaults:4)
  Sonja (Orc:1)
  3 deep elf knights
  A fire crab (shapeshifter) (Vaults:4)
  A fire crab (Gauntlet)
  A sixfirhy (Gauntlet)
  8 salamander mystics
  3 spriggan druids
  An unseen horror (shapeshifter) (Vaults:2)
  5 sea snakes (Snake:2)
  6 unseen horrors
  7 skeletal warriors
  3 swamp dragons
  6 deep trolls
  A glowing orange brain (Vaults:4)
  3 phantasmal warriors
  7 naga ritualists
  An anaconda skeleton (Crypt:1)
  A glowing orange brain (shapeshifter) (Vaults:5)
  2 wizards
  3 spectral hydras (Swamp:4)
  5 deep elf archers
  15 ironbrand convokers
  A necromancer (Vaults:3)
  8 harpies
  Pikel (D:9)
  14 orc knights
  11 mana vipers
  6 ugly things
  15 deep elf magi
  6 orc sorcerers
  13 salamanders
  2 cyclopes
  6 guardian serpents
  17 elephants
  35 black mambas
  2 black mambas (shapeshifter) (Vaults:3)
  17 naga magi
  9 vault sentinels
  A cane toad (shapeshifter) (D:13)
  Maggie (D:6)
  3 gargoyles (D:14)
  2 minotaur zombies (Gauntlet)
  19 cane toads
  5 komodo dragons
  2 kobold demonologists
  25 yaktaurs
  A swamp worm zombie (Swamp:4)
  2 rime drakes
  A sea snake zombie (Crypt:1)
  2 freezing wraiths
  A sea snake skeleton (Crypt:1)
  3 hydra zombies (Swamp:4)
  2 tengu conjurers (D:14)
  A death yak skeleton (Crypt:1)
  A polar bear (shapeshifter) (Vaults:3)
  7 trolls
  10 tyrant leeches
  8 bog bodies
  32 slime creatures
  2 polar bears (Lair:6)
  7 hornets
  5 blink frogs
  4 spectral swamp dragons (Swamp:4)
  5 alligator zombies (Swamp:4)
  A boulder beetle zombie (Crypt:1)
  4 removed hippogriffs
  5 dream sheep (Lair:5)
  A harpy skeleton (D:14)
  3 shadows
  A redback (Vaults:4)
  6 wraiths
  4 wyverns
  A yak (shapeshifter) (Vaults:2)
  3 spriggans (Swamp:3)
  32 yaks
  Grum (D:8)
  2 fire bats (Gauntlet)
  2 basilisks (Lair:4)
  A yaktaur simulacrum (Vaults:3)
  20 vampire mosquitoes
  16 swamp worms
  18 insubstantial wisps
  6 wargs
  A two-headed ogre zombie (D:11)
  55 nagas
  7 removed porcupines
  13 water moccasins
  A faun skeleton (Crypt:1)
  A hornet zombie (D:12)
  6 swamp drakes
  4 sky beasts
  38 orc warriors
  2 ettin simulacra (Vaults:3)
  2 ice beasts
  An eye of draining (D:9)
  5 black bears
  7 phantoms
  4 swamp dragon zombies (Swamp:4)
  An eye of draining (shapeshifter) (Vaults:4)
  2 necrophages
  15 ogres
  18 boggarts
  14 wolves
  10 centaurs
  A ghost (D:13)
  14 removed crocodiles
  A lemure (D:9)
  A draconian zombie (Crypt:1)
  5 big kobolds
  17 bullfrogs
  A human skeleton (Vaults:3)
  5 scorpions
  A wyvern skeleton (D:13)
  19 killer bees
  16 wights
  3 electric eels (Snake:2)
  4 howler monkeys (D:8)
  2 centaur zombies
  5 hounds
  3 bullfrog zombies
  2 centaur skeletons
  15 orc priests
  3 bullfrog skeletons
  2 human zombies
  5 jellies
  25 orc wizards
  3 iguanas
  Natasha (D:3)
  A spectral swamp drake (Swamp:4)
  9 worker ants
  7 ogre zombies (D:11)
  Robin (D:4)
  2 worker ant zombies (D:8)
  16 adders
  3 gnolls (D:6)
  A howler monkey skeleton (D:8)
  A shadow imp (D:7)
  2 white imps
  5 ufetubi
  An ooze (D:1)
  4 adder zombies
  A worm (D:4)
  8 leopard geckos
  93 orcs
  2 giant cockroaches
  12 goblins
  9 hobgoblins
  11 jackals
  2 quokkas
  5 bats
  3 frilled lizards
  2 gnoll zombies (D:7)
  2 goblin skeletons (D:11)
  3 goblin zombies (D:11)
  5 hobgoblin zombies (D:11)
  A jackal skeleton (D:5)
  A jackal zombie (D:8)
  17 kobolds
  2 leopard gecko skeletons
  3 orc skeletons (D:11)
  12 orc zombies (D:11)
  A quokka skeleton (D:8)
  11 rats
1440 creatures vanquished.

Vanquished Creatures (collateral kills)
  A wizard (Vaults:3)
  A deep elf mage (Vaults:3)
  A yaktaur (Vaults:2)
  A hornet (Vaults:3)
  An orc wizard (Vaults:2)
5 creatures vanquished.

Vanquished Creatures (others)
  A nagaraja (Snake:4)
  A vault guard (Vaults:2)
  A vault sentinel (Vaults:3)
  A naga (Snake:4)
  2 swamp worms (Swamp:4)
  8 insubstantial wisps
  A boggart (Vaults:3)
  An orc priest (Vaults:3)
  2 orc wizards
  2 briar patches (Swamp:2)
  26 fungi
  94 plants
  11 toadstools (Swamp:2)
  8 withered plants
159 creatures vanquished.

Grand Total: 1604 creatures vanquished

Notes
Turn   | Place    | Note
-------+----------+-------------------------------------------
     0 | D:1      | tnk the Minotaur Fighter began the quest for the Orb.
     0 | D:1      | Reached XP level 1. HP: 19/19 MP: 0/0
   140 | D:1      | Reached XP level 2. HP: 27/27 MP: 1/1
   771 | D:2      | Reached skill level 4 in Shields
   771 | D:2      | Reached XP level 3. HP: 28/33 MP: 2/2
  1195 | D:2      | Found a shimmering blue altar of Sif Muna.
  1232 | D:2      | Reached skill level 1 in Throwing
  1345 | D:2      | Found a shimmering altar of Xom.
  1682 | D:3      | Found a sacrificial altar of Ru.
  1715 | D:3      | Reached XP level 4. HP: 41/41 MP: 3/3
  1962 | D:3      | Noticed Natasha
  1979 | D:3      | Killed Natasha
  2344 | D:4      | Noticed Robin
  2357 | D:4      | Killed Robin
  2357 | D:4      | Reached XP level 5. HP: 47/47 MP: 4/4
  2485 | D:4      | Reached skill level 5 in Fighting
  2508 | D:4      | Found a shimmering altar of Xom.
  2508 | D:4      | Found a shadowy altar of Dithmenos.
  2508 | D:4      | Found a snail-covered altar of Cheibriados.
  2509 | D:4      | Found a blossoming altar of Fedhas.
  2510 | D:4      | Found a stormy altar of Qazlal.
  2511 | D:4      | Found a burning altar of Makhleb.
  2621 | D:4      | Noticed an ogre
  2623 | D:4      | an ogre changed into a scorpion
  2628 | D:4      | Reached skill level 5 in Polearms
  2816 | D:4      | Reached XP level 6. HP: 56/56 MP: 5/5
  3121 | D:5      | Entered Level 5 of the Dungeon
  3189 | D:5      | Reached XP level 7. HP: 41/61 MP: 6/6
  3444 | D:5      | Reached skill level 5 in Shields
  3446 | D:5      | Reached skill level 5 in Armour
  4194 | D:6      | Got a jewelled trident
  4195 | D:6      | Identified the +6 trident "Bysir" {holy, *Noise rF+ Dex+5}
                  | (You found it on level 6 of the Dungeon)
  4212 | D:6      | Noticed Maggie
  4237 | D:6      | Killed Maggie
  4237 | D:6      | Reached skill level 6 in Shields
  4237 | D:6      | Reached XP level 8. HP: 70/70 MP: 7/7
  4248 | D:6      | Reached skill level 1 in Dodging
  4351 | D:6      | Found a staircase to the Ecumenical Temple.
  4364 | Temple   | Entered the Ecumenical Temple
  4564 | Temple   | Became a worshipper of Warmaster Okawaru
  4597 | D:6      | Found a sparkling altar of Nemelex Xobeh.
  5187 | D:6      | Found a runed translucent door.
  5188 | D:6      | Noticed Crazy Yiuf
  5199 | D:6      | Noticed Crazy Yiuf
  5199 | D:6      | Crazy Yiuf changed into Crazy Yiuf the bullfrog
  5201 | D:6      | Killed Crazy Yiuf the bullfrog
  5365 | D:7      | Noticed Harold
  5386 | D:7      | Killed Harold
  5386 | D:7      | Reached * piety under Okawaru
  5386 | D:7      | Reached ** piety under Okawaru
  5386 | D:7      | Reached skill level 1 in Stealth
  5386 | D:7      | Reached skill level 7 in Shields
  5386 | D:7      | Reached skill level 1 in Evocations
  5386 | D:7      | Reached XP level 9. HP: 9/78 MP: 8/8
  5392 | D:7      | Gained mutation: Potions are less effective at restoring
                  | your health. [potion of mutation]
  5392 | D:7      | Gained mutation: You are dopey. (Int -2) [potion of
                  | mutation]
  5392 | D:7      | Gained mutation: You are resistant to hostile enchantments.
                  | (MR+) [potion of mutation]
  5392 | D:7      | Gained mutation: You have large cloven feet. [potion of
                  | mutation]
  5393 | D:7      | Lost mutation: You are dopey. (Int -2) [potion of mutation]
  5393 | D:7      | Lost mutation: You have large cloven feet. [potion of
                  | mutation]
  5393 | D:7      | Lost mutation: You are resistant to hostile enchantments.
                  | (MR+) [potion of mutation]
  5393 | D:7      | Lost mutation: Potions are less effective at restoring your
                  | health. [potion of mutation]
  5393 | D:7      | Gained mutation: You are frail. (-10% HP) [potion of
                  | mutation]
  5393 | D:7      | Gained mutation: You are agile. (Dex +2) [potion of
                  | mutation]
  5708 | D:7      | Found a basalt altar of Yredelemnul.
  6409 | D:8      | Noticed a two-headed ogre
  6420 | D:8      | Killed a two-headed ogre
  6420 | D:8      | Reached *** piety under Okawaru
  6635 | D:8      | Noticed Grum
  6651 | D:8      | Reached skill level 8 in Shields
  6655 | D:8      | Killed Grum
  6655 | D:8      | Reached XP level 10. HP: 69/79 MP: 9/9
  6703 | D:8      | Reached **** piety under Okawaru
  7068 | D:8      | Noticed Erica
  7096 | D:8      | Killed Erica
  7096 | D:8      | Reached skill level 10 in Polearms
  7358 | D:8      | Found a bloodstained altar of Trog.
  7802 | D:8      | Found a glowing golden altar of the Shining One.
  7931 | D:9      | Noticed Erolcha
  7939 | D:9      | Killed Erolcha
  7939 | D:9      | Reached ***** piety under Okawaru
  7939 | D:9      | Reached skill level 9 in Shields
  8029 | D:9      | Found a radiant altar of Vehumet.
  8029 | D:9      | Noticed Pikel
  8043 | D:9      | Killed Pikel
  8135 | D:9      | Received a gift from Okawaru
  8159 | D:9      | Got a brightly glowing ring mail {god gift}
  8160 | D:9      | Identified the +1 ring mail "Bejoff Neumy" {rC- Int+5}
                  | (Okawaru gifted it to you on level 9 of the Dungeon)
  8185 | D:9      | Reached XP level 11. HP: 54/87 MP: 10/10
  8389 | D:9      | Reached skill level 10 in Armour
  8605 | D:9      | Reached skill level 10 in Shields
  8853 | D:10     | Entered Level 10 of the Dungeon
  8916 | D:10     | Noticed a two-headed ogre
  8934 | D:10     | Killed a two-headed ogre
  8934 | D:10     | Reached skill level 10 in Fighting
  9171 | D:10     | Noticed Urug
  9192 | D:10     | Killed Urug
  9743 | D:11     | Found a gate leading to a gauntlet.
  9752 | Gauntlet | Entered a Gauntlet
  9752 | Gauntlet | Found a transporter.
  9765 | Gauntlet | Found a transporter.
  9765 | Gauntlet | Found a transporter.
  9765 | Gauntlet | Noticed a fire crab
  9766 | Gauntlet | Found a transporter.
  9767 | Gauntlet | Found a transporter.
  9772 | Gauntlet | Killed a fire crab
  9778 | Gauntlet | Noticed a sixfirhy
  9781 | Gauntlet | Noticed a fire crab
  9781 | Gauntlet | Identified the ring of Oqyasoz {Str+2 Int+6}
  9802 | Gauntlet | Found a transporter.
  9838 | Gauntlet | Found a transporter.
  9848 | Gauntlet | Killed a sixfirhy
  9868 | Gauntlet | Found a transporter.
  9870 | Gauntlet | Noticed a swamp dragon
  9871 | Gauntlet | Noticed a death drake
  9875 | Gauntlet | Noticed a two-headed ogre
  9875 | Gauntlet | a death drake changed into a two-headed ogre
  9878 | Gauntlet | a two-headed ogre changed into a water nymph
  9889 | Gauntlet | a swamp dragon changed into a faun
  9890 | Gauntlet | Noticed a two-headed ogre
  9890 | Gauntlet | a snapping turtle changed into a two-headed ogre
  9902 | Gauntlet | Noticed a wolf spider
  9904 | Gauntlet | Found a transporter.
  9904 | Gauntlet | Noticed a death drake
  9904 | Gauntlet | a two-headed ogre changed into a death drake
  9907 | Gauntlet | a death drake changed into a wind drake
  9907 | Gauntlet | Noticed an entropy weaver
  9920 | Gauntlet | Noticed a two-headed ogre
  9920 | Gauntlet | a faun changed into a two-headed ogre
  9935 | Gauntlet | Noticed a wolf spider
  9935 | Gauntlet | a faun changed into a wolf spider
  9938 | Gauntlet | Noticed an ice dragon
  9938 | Gauntlet | a two-headed ogre changed into an ice dragon
  9938 | Gauntlet | a wolf spider changed into a swamp worm
  9942 | Gauntlet | Noticed a fire dragon
  9942 | Gauntlet | an ice dragon changed into a fire dragon
  9968 | Gauntlet | Found a transporter.
  9972 | Gauntlet | Noticed a two-headed ogre
  9972 | Gauntlet | an elephant changed into a two-headed ogre
  9973 | Gauntlet | Found a transporter.
  9975 | Gauntlet | Found a transporter.
  9982 | Gauntlet | Identified the ring of Okiegh {*Drain MR+ Str+7 Int+2
                  | Stlth+}
  9982 | Gauntlet | Noticed a minotaur
  9996 | Gauntlet | Killed a minotaur
 10234 | Gauntlet | Reached skill level 11 in Shields
 10327 | D:11     | Found a staircase to the Lair.
 10633 | D:11     | Found a staircase to the Orcish Mines.
 10633 | D:11     | Noticed an orc sorcerer
 10685 | D:11     | Killed an orc sorcerer
 11124 | D:11     | Reached XP level 12. HP: 99/99 MP: 11/11
 11127 | D:11     | Reached ****** piety under Okawaru
 11421 | Lair:1   | Entered Level 1 of the Lair of Beasts
 11665 | Lair:1   | You fall into a shaft and drop 1 floor!
 11665 | Lair:2   | Noticed Fannar
 11670 | Lair:2   | Noticed a five-headed hydra
 11683 | Lair:2   | Killed Fannar
 11690 | Lair:2   | Killed a five-headed hydra
 12160 | Lair:1   | Received a gift from Okawaru
 12317 | Lair:1   | Reached skill level 12 in Shields
 12389 | Lair:1   | Found a white marble altar of Elyvilon.
 13191 | Lair:2   | Found a burning altar of Makhleb.
 13345 | Lair:2   | Noticed a six-headed hydra
 13354 | Lair:2   | Noticed a four-headed hydra
 13363 | Lair:2   | Killed a six-headed hydra
 13369 | Lair:2   | Killed a four-headed hydra
 13369 | Lair:2   | Reached skill level 1 in Invocations
 13578 | Lair:2   | Found a staircase to the Swamp.
 13871 | Lair:3   | Noticed a six-headed hydra
 13881 | Lair:3   | Killed a six-headed hydra
 13920 | Lair:3   | Reached XP level 13. HP: 72/107 MP: 11/13
 13941 | Lair:3   | Received a gift from Okawaru
 13961 | Lair:3   | Got a fine spear {god gift}
 13962 | Lair:3   | Identified the +1 spear of Juetunatti {speed, rElec rF+
                  | Int+3} (Okawaru gifted it to you on level 3 of the Lair of
                  | Beasts)
 14432 | Lair:3   | Noticed Rupert
 14453 | Lair:3   | Killed Rupert
 15185 | Lair:4   | Found a staircase to the Snake Pit.
 15613 | Lair:4   | Reached skill level 13 in Shields
 15936 | Lair:4   | Upgraded the game from 0.26-a0-651-gb41185065b to
                  | 0.26-a0-652-gafc20e3620
 15985 | Lair:5   | Found a runed translucent gate.
 15985 | Lair:5   | Found a runed translucent gate.
 15985 | Lair:5   | Found a runed translucent gate.
 15989 | Lair:5   | Noticed Ypehuijo's ghost (journeyman OpFi)
 15989 | Lair:5   | Noticed Mumum's ghost (journeyman DrFE)
 16913 | Lair:6   | Entered Level 6 of the Lair of Beasts
 17124 | Lair:6   | Received a gift from Okawaru
 17159 | Lair:6   | Reached skill level 5 in Invocations
 17183 | Lair:6   | Identified a +1 pair of boots of running (Okawaru gifted it
                  | to you on level 6 of the Lair of Beasts)
 17413 | Lair:6   | Reached XP level 14. HP: 116/116 MP: 16/16
 17576 | Lair:6   | Reached skill level 5 in Dodging
 17745 | Lair:6   | Found a staircase to the Slime Pits.
 18629 | Lair:6   | Reached skill level 14 in Shields
 18641 | Lair:6   | Received a gift from Okawaru
 18833 | Orc:1    | Entered Level 1 of the Orcish Mines
 18834 | Orc:1    | Noticed Snorg
 18856 | Orc:1    | Killed Snorg
 18898 | Orc:1    | Noticed Sonja
 18917 | Orc:1    | Killed Sonja
 19030 | Orc:1    | Noticed Jorgrun
 19072 | Orc:1    | Killed Jorgrun
 19085 | Orc:1    | Noticed Nergalle
 19104 | Orc:1    | Killed Nergalle
 19232 | Orc:1    | Found a shimmering blue altar of Sif Muna.
 19364 | Orc:1    | Found Hauddus's Assorted Antiques.
 19470 | Orc:2    | Entered Level 2 of the Orcish Mines
 20509 | Orc:2    | Received a gift from Okawaru
 20525 | Orc:2    | Reached skill level 15 in Polearms
 20700 | Orc:2    | Noticed Saint Roka
 20706 | Orc:2    | Found a roughly hewn altar of Beogh.
 20729 | Orc:2    | Killed Saint Roka
 21094 | Orc:2    | Reached XP level 15. HP: 102/125 MP: 10/19
 21309 | Orc:2    | Found Ycouzoc's Antique Weapon Shop.
 21347 | Orc:2    | Found Letionoa's General Store.
 21354 | Orc:2    | Bought a scroll of enchant armour for 112 gold pieces
 21364 | Orc:2    | Found Ruvym's Jewellery Shop.
 21371 | Orc:2    | Bought an uncursed amulet of regeneration for 480 gold
                  | pieces
 21391 | Orc:2    | Found Geumos's Antique Armour Shop.
 21399 | Orc:2    | Bought a masterwork buckler for 228 gold pieces
 21399 | Orc:2    | Bought a smoking chain mail for 228 gold pieces
 21399 | Orc:2    | Identified the +2 buckler "Woalamun" {rC+ rN+ Int+2 SInv}
                  | (You bought it in a shop on level 2 of the Orcish Mines)
 21400 | Orc:2    | Identified the +7 chain mail of the Cartwright {+Inv rElec}
                  | (You bought it in a shop on level 2 of the Orcish Mines)
 21444 | Orc:2    | Found a staircase to the Elven Halls.
 21907 | D:12     | Found a sparkling altar of Nemelex Xobeh.
 22079 | D:12     | Received a gift from Okawaru
 22713 | Orc:2    | Bought an uncursed amulet of reflection for 480 gold pieces
 22904 | Snake:1  | Entered Level 1 of the Snake Pit
 23276 | Snake:1  | Found Myeppeh's Armour Emporium.
 23991 | Snake:1  | Reached skill level 15 in Shields
 24692 | Snake:2  | Noticed Aizul
 24715 | Snake:2  | Killed Aizul
 24715 | Snake:2  | Reached skill level 15 in Armour
 24911 | Snake:2  | Received a gift from Okawaru
 25100 | Snake:2  | Reached skill level 15 in Fighting
 25255 | Snake:2  | Noticed Vashnia
 25386 | Snake:2  | Killed Vashnia
 25386 | Snake:2  | Reached XP level 16. HP: 76/134 MP: 11/21
 25643 | Snake:2  | Noticed Louise
 25676 | Snake:2  | Killed Louise
 26184 | Snake:2  | Noticed Roxanne
 26863 | Snake:3  | Received a gift from Okawaru
 26864 | Snake:3  | Got a distressingly furry hat {god gift}
 26871 | Snake:3  | Identified the +2 hat "Pyohum" {Harm rC++ Str+2 Stlth-}
                  | (Okawaru gifted it to you on level 3 of the Snake Pit)
 27382 | Snake:4  | Entered Level 4 of the Snake Pit
 27675 | Snake:4  | Noticed Donald
 27693 | Snake:4  | Killed Donald
 27730 | Snake:4  | Reached skill level 16 in Shields
 27730 | Snake:4  | Reached skill level 10 in Invocations
 28663 | Snake:4  | Reached XP level 17. HP: 83/143 MP: 21/23
 28690 | Snake:4  | Received a gift from Okawaru
 28713 | Snake:4  | Reached skill level 17 in Shields
 29830 | Snake:4  | Got a serpentine rune of Zot
 30417 | Swamp:1  | Entered Level 1 of the Swamp
 30486 | Swamp:1  | Reached skill level 18 in Shields
 30546 | Swamp:1  | Received a gift from Okawaru
 30723 | Swamp:1  | Received a gift from Okawaru
 31209 | Swamp:1  | Upgraded the game from 0.26-a0-652-gafc20e3620 to
                  | 0.26-a0-663-g36e8fdb655
 32430 | Swamp:3  | Reached XP level 18. HP: 106/153 MP: 19/24
 33061 | Swamp:4  | Entered Level 4 of the Swamp
 33101 | Swamp:4  | Received a gift from Okawaru
 33102 | Swamp:4  | Got a fine hand crossbow {god gift}
 33112 | Swamp:4  | Reached skill level 19 in Shields
 33267 | Swamp:4  | Noticed Nikola
 33288 | Swamp:4  | Killed Nikola
 33580 | Swamp:4  | Reached skill level 1 in Short Blades
 33928 | Swamp:4  | Noticed a bone dragon
 33951 | Swamp:4  | Killed a bone dragon
 33985 | Swamp:4  | Got a decaying rune of Zot
 34013 | Swamp:4  | Reached skill level 5 in Short Blades
 34761 | D:13     | Received a gift from Okawaru
 35417 | D:14     | Found a gate to the Vaults.
 35449 | D:14     | Received a gift from Okawaru
 35545 | D:14     | Found Osaamp's Jewellery Boutique.
 35646 | D:14     | Noticed Nessos
 35662 | D:14     | Killed Nessos
 36059 | Vaults:1 | Entered Level 1 of the Vaults
 36112 | Vaults:1 | Received a gift from Okawaru
 36691 | Vaults:1 | Received a gift from Okawaru
 37148 | Vaults:2 | Reached XP level 19. HP: 125/161 MP: 25/25
 37395 | Vaults:2 | Reached skill level 10 in Short Blades
 37549 | Vaults:2 | Reached skill level 20 in Shields
 38142 | Vaults:2 | Found a staircase to the Crypt.
 38231 | Vaults:2 | Received a gift from Okawaru
 38538 | Vaults:2 | Received a gift from Okawaru
 38687 | Vaults:2 | Received a gift from Okawaru
 38923 | Vaults:2 | Upgraded the game from 0.26-a0-663-g36e8fdb655 to
                  | 0.26-a0-665-gefeb406119
 38967 | Crypt:1  | Entered Level 1 of the Crypt
 39451 | Crypt:1  | Received a gift from Okawaru
 40672 | Vaults:3 | Received a gift from Okawaru
 40672 | Vaults:3 | Reached XP level 20. HP: 134/171 MP: 26/26
 40914 | Vaults:3 | Received a gift from Okawaru
 40915 | Vaults:3 | Got a spiked hat {god gift}
 40922 | Vaults:3 | Identified the +2 hat of Ceekk {rN+ MR+ Str+2} (Okawaru
                  | gifted it to you on level 3 of the Vaults)
 41173 | Vaults:3 | Found a runed translucent door.
 41387 | Vaults:3 | Found Habosekhu's Armour Emporium.
 41781 | Vaults:3 | Noticed theMacoje's ghost (adept OgAM)
 41793 | Vaults:3 | Killed theMacoje's ghost
 41799 | Vaults:3 | Got a steaming trident
 41800 | Vaults:3 | Identified the +9 trident of the Warrior-Mage {antimagic,
                  | rElec Str+4} (You found it on level 3 of the Vaults)
 41869 | Vaults:4 | Reached skill level 21 in Shields
 42279 | Vaults:4 | Received a gift from Okawaru
 42715 | Vaults:4 | Received a gift from Okawaru
 43201 | Vaults:5 | Entered Level 5 of the Vaults
 43217 | Vaults:5 | Reached skill level 22 in Shields
 43240 | Vaults:5 | Reached XP level 21. HP: 107/182 MP: 21/27
 43267 | Vaults:4 | Received a gift from Okawaru
 43268 | Vaults:4 | Slain by a titan

Illustrated notes

Levels and vault maps discovered:
D:1:      tarquinn_simple_flora_water_b, layout_basic
D:2:      layout_basic, overflow_temple_1_default, serial_glass,
          glass_columns_a, glass_columns_b, xom_teletrap_fun
D:3:      layout_loops_ring, nicolae_ru_awakened_eye,
          chequers_ecumenical_altar_simple, minmay_quantized, uniq_natasha
D:4:      layout_loops_cross, grunt_temple_overflow_open, uniq_robin
D:5:      layout_loops_corners, minmay_misc_feat_more_columns,
          minmay_misc_feat_iff
D:6:      layout_basic, minmay_temple_entry_mist, nemelex_altar_shiori,
          uniq_maggie, uniq_crazy_yiuf_cottage
D:7:      layout_basic, lemuel_zombie_altar_yredelemnul, uniq_harold
D:8:      layout_basic, nicolae_tso_swordbearing_angel, lemuel_crystal_altar,
          serial_undead, serial_undead_d, serial_undead_f, serial_undead_a,
          serial_undead_d, serial_undead_e, serial_undead_e, uniq_grum,
          uniq_erica
D:9:      layout_roguey, old_standard_altar, uniq_erolcha, uniq_pikel
D:10:     layout_big_octagon, uniq_urug
D:11:     layout_loops_corners, lair_entry_dummy, zombieorc2_lemuel,
          gauntlet_entry_generic
D:12:     minmay_slanted_spiral_squares, layout_long_grid, basic_altar
D:13:     layout_grid_maze
D:14:     layout_loops_ring, lightli_vaults_fourway_checkpoint,
          kennysheep_small_square, uniq_nessos
Temple:   dpeg_chambers_temple
Lair:1:   layout_regular_city, basic_altar
Lair:2:   layout_cave_pods, palyth_hydra_swamp_entry, basic_altar,
          beast_lair_carwin_5, uniq_fannar
Lair:3:   layout_roguey, portal_ice_cave_entry_pillars_2, serial_bayou_pond_b,
          grunt_megastairs_4, uniq_rupert
Lair:4:   wad_woods_structure_01, layout_regular_city
Lair:5:   layout_roguey, gammafunk_ghost_cemetery,
          chequers_serial_rivers_micro_d, grunt_megastairs_5
Lair:6:   grunt_lair_end_beastmaster, layout_big_grid,
          minmay_slime_entry_pillars
Swamp:1:  layout_basic_swamp, evilmike_swamp_ruin_house_6,
          infiniplex_staircase_pool_2
Swamp:2:  cheibrodos_swamp_tower_of_moss, layout_falls_marsh,
          nicolae_swamp_little_tower, infiniplex_staircase_pool
Swamp:3:  layout_falls_marsh, evilmike_swamp_ruin_rubble_2
Swamp:4:  swamp_pestilence, layout_basic_swamp, uniq_nikola
Snake:1:  layout_layer_cave, serial_shops, nicolae_shop_trees,
          serial_bayou_shore_b
Snake:2:  layout_onion_interference, serial_bayou_lagoon_b, uniq_aizul,
          uniq_vashnia, uniq_roxanne, uniq_louise
Snake:3:  layout_cave_town
Snake:4:  johnstein_snake_rune_scales, layout_cave_town, uniq_donald
Orc:1:    layout_caves, serial_shops, shop, led_sif_book, uniq_jorgrun,
          uniq_nergalle, uniq_snorg, uniq_sonja
Orc:2:    grunt_orc_cross, layout_caves
Vaults:1: vaults_standard_mumra_x, hangedman_vaults_capsules,
          nicolae_vaults_mini_display_case, vaults_room_ringed_pool,
          hangedman_vaults_hat, vaults_mumra_hexcomb,
          vaults_room_grunt_arrival_checkpoint, ontoclasm_vaults_fault,
          vaults_dpeg_diagonal, nicolae_vaults_hallways_thing,
          layout_vaults_maze_bifur
Vaults:2: minmay_crypt_entry_simple_statues, grunt_vaults_swirl,
          ontoclasm_vaults_misaligned, ontoclasm_vaults_ligature, st_more_cells,
          nicolae_vaults_yaktaur_gun_rack, ontoclasm_vaults_shuriken,
          ontoclasm_vaults_gateway, nicolae_vaults_sealed_display,
          nicolae_vaults_little_ls, layout_vaults_omnigrid
Vaults:3: ebering_vaults_ghost_reflecting_pool, vaults_room_boxed,
          hangedman_vaults_variations, nicolae_vaults_puzzle_piece,
          ontoclasm_vaults_pinch, v_alt_pattern_1, st_hourglassy,
          nicolae_vaults_border_crossing, ontoclasm_vaults_ring_square,
          layout_vaults_chaotic_city, serial_shops, shop_coins, uniq_margery
Vaults:4: nicolae_vaults_little_squares_3, nicolae_vaults_what_the_h, v_misc_15,
          ontoclasm_vaults_ring_small, grunt_vaults_hallway_short,
          ontoclasm_vaults_eye, vaults_room_grid, vaults_dpeg_cross,
          ontoclasm_vaults_twist, nicolae_vaults_an_arrangement,
          dpeg_vaults_monster_box, vaults_room_door_ring, layout_vaults_omnibox
Vaults:5: serial_shops
Crypt:1:  layout_chaotic_city, st_small_mortuary

Skill      XL: |  1  2  3  4  5  6  7  8  9 10 11 12 13 14 15 16 17 18 19 20 21 |
---------------+----------------------------------------------------------------+-----
Fighting       | 4 5 6 7 9 11 12 13 14 15 16 17 18 19 20 21 | 21.0
Polearms       | 3 4 5 6 8 9 10 12 13 14 15 16 | 16.1
Armour         | 4 6 7 8 9 11 12 13 14 15 16 17 | 17.6
Shields        | 4 6 7 8 9 11 12 13 14 15 16 18 19 20 22 | 22.5
Throwing       | 1 2 4 |  4.8
Dodging        | 3 4 7 9 |  9.0
Stealth        | 1 3 |  3.0
Evocations     | 1 3 |  3.0
Invocations    | 2 5 7 9 10 | 10.0
Short Blades   | 9 13 14 | 14.0

Action                   |  1- 3 |  4- 6 |  7- 9 | 10-12 | 13-15 | 16-18 | 19-21 || total
-------------------------+-------+-------+-------+-------+-------+-------+-------++-------
Melee: Trident           |   125 |   107 |   172 |   716 |  1483 |  1602 |   156 ||  4361
       Headbutt          |     8 |    16 |    32 |   211 |   462 |   595 |   403 ||  1727
       Rapier            |       |       |       |       |       |   451 |   976 ||  1427
Throw: Javelin           |     2 |       |       |       |       |     1 |       ||     3
       Boomerang         |       |       |     3 |     1 |     4 |       |       ||     8
       Dart              |       |       |       |       |       |     5 |    28 ||    33
Invok: Heroism           |       |       |       |     7 |     9 |     7 |    11 ||    34
       Finesse           |       |       |       |       |     7 |     6 |     8 ||    21
Evoke: Wand              |       |     1 |     3 |     4 |     7 |    11 |     2 ||    28
       Phial of floods   |       |       |       |     1 |       |     1 |     1 ||     3
       Condenser vane    |       |       |       |       |       |       |     3 ||     3
  Use: Scroll            |     4 |     5 |     5 |    17 |    11 |    15 |    12 ||    69
       Potion            |       |     9 |     4 |     5 |     3 |    11 |    14 ||    46
 Stab: Sleeping          |       |       |       |     3 |     8 |       |       ||    11
       Distracted        |       |       |       |     1 |     2 |       |       ||     3
       Confused          |       |       |       |       |       |       |     1 ||     1
Armor: Scale mail        |    43 |    20 |    16 |   124 |   109 |       |       ||   312
       Plate armour      |       |       |       |       |    90 |   312 |   191 ||   593
Dodge: Dodged            |    30 |    44 |    54 |   185 |   278 |   256 |   152 ||   999
Block: Kite shield       |    29 |       |       |   143 |   739 |    19 |       ||   930
       Buckler           |    12 |    28 |    40 |   107 |       |       |       ||   187
       Reflection        |       |       |       |       |    38 |   113 |       ||   151
       Tower shield      |       |       |       |       |       |  1677 |   998 ||  2675

Table legend: (Time is in decaauts)
 A = Elapsed time spent in this place.
 B = Non-inter-level travel time spent in this place.
 C = Inter-level travel time spent in this place.
 D = Time resting spent in this place.
 E = Time spent auto-exploring this place.
 F = Levels seen in this place.
 G = Mean time per level.
                   A        B        C        D        E       F      G
               +--------+--------+--------+--------+--------+-----+--------+
         Total |  40421 |  38722 |   1699 |   4573 |  24957 |  38 | 1063.7 |
       Dungeon |  13177 |  12562 |    615 |   1136 |   8860 |  14 |  941.2 |
        Temple |    208 |    208 |      0 |      0 |    179 |   1 |  208.0 |
          Lair |   7221 |   6827 |    394 |    158 |   5464 |   6 | 1203.5 |
         Swamp |   3435 |   3243 |    192 |    298 |   1833 |   4 |  858.8 |
     Snake Pit |   6570 |   6435 |    135 |   1748 |   3076 |   4 | 1642.5 |
  Orcish Mines |   2767 |   2626 |    141 |    770 |   1223 |   2 | 1383.5 |
        Vaults |   5515 |   5301 |    214 |     91 |   3748 |   5 | 1103.0 |
         Crypt |   1050 |   1043 |      7 |    177 |    572 |   1 | 1050.0 |
      Gauntlet |    472 |    472 |      0 |    192 |      0 |   1 |  472.0 |
               +--------+--------+--------+--------+--------+-----+--------+

Top non-repeatable levels by time:
 Snake:4: 2484 daAuts
Vaults:2: 1775 daAuts
 Snake:1: 1614 daAuts
  Lair:6: 1579 daAuts
Vaults:3: 1540 daAuts
     D:8: 1540 daAuts
 Snake:2: 1538 daAuts
   Orc:1: 1482 daAuts
  Lair:2: 1402 daAuts
    D:11: 1319 daAuts
   Orc:2: 1285 daAuts
  Lair:3: 1245 daAuts
Vaults:4: 1231 daAuts
     D:6: 1225 daAuts
     D:2: 1199 daAuts
